 Dungeon Crawl Stone Soup version 0.22.0-78-g6c94d2c (webtiles) character file.

21321 MalarOregon the Cleaver (level 12, -5/110 HPs)
             Began as a Hill Orc Gladiator on Sept 16, 2018.
             Was an Elder of Makhleb.
             Slain by a three-headed hydra (10 damage)
             ... on level 4 of the Lair of Beasts.
             The game lasted 00:31:55 (14462 turns).

MalarOregon the Cleaver (Hill Orc Gladiator)       Turns: 14462, Time: 00:31:55

Health: -5/110     AC: 17    Str: 20    XL:     12   Next: 88%
Magic:  17/17      EV: 13    Int:  5    God:    Makhleb [****..]
Gold:   940        SH:  0    Dex: 12    Spells: 11/11 levels left

rFire    . . .     SeeInvis +   y - +5 war axe (flame)
rCold    . . .     Gourm    .   (no shield)
rNeg     . . .     Faith    .   G - +3 scale mail "Xuceopsuk" {rCorr Int-5 SInv}
rPois    .         Spirit   .   c - +0 helmet
rElec    .         Reflect  .   a - +0 cloak
rCorr    +         Harm     .   K - +0 pair of gloves
MR       +....                  w - +0 pair of boots
Stlth    ..........             (no amulet)
HPRegen  0.28/turn              E - ring of protection from magic
MPRegen  0.15/turn              F - ring of see invisible

@: no status effects
A: no striking features
a: Minor Destruction, Lesser Servant of Makhleb, Major Destruction, Renounce
Religion


You were on level 4 of the Lair of Beasts.
You worshipped Makhleb.
Makhleb was greatly pleased with you.
You were hungry.

You visited 3 branches of the dungeon, and saw 16 of its levels.

You collected 940 gold pieces.

Inventory:

Hand Weapons
 y - a +5 war axe of flaming (weapon)
 X - a +5 war axe of venom
Missiles
 d - 11 throwing nets
 z - 11 javelins (quivered)
 C - 6 silver tomahawks
 H - 11 tomahawks
Armour
 a - a +0 cloak (worn)
 c - a +0 helmet (worn)
 w - a +0 pair of boots (worn)
 G - the +3 scale mail "Xuceopsuk" (worn) {rCorr Int-5 SInv}
   (You found it on level 6 of the Dungeon)

   It affects your intelligence (-5).
   It lets you see invisible.
   It provides partial protection from all sources of acid and corrosion.
 K - a +0 pair of gloves (worn)
Jewellery
 e - an uncursed ring of flight
 l - an uncursed ring of fire {unknown}
 o - an uncursed ring of stealth {unknown}
 E - a ring of protection from magic (left hand)
 F - a ring of see invisible (right hand)
 M - an uncursed amulet of harm {unknown}
Wands
 g - a wand of enslavement (6)
 t - a wand of iceblast (25)
 L - a wand of random effects (10)
 O - a wand of flame (32)
 V - a wand of digging (13)
Scrolls
 h - 2 scrolls of fog
 i - 7 scrolls of teleportation
 j - 3 scrolls of enchant weapon
 k - 9 scrolls of remove curse
 u - 3 scrolls of magic mapping
 v - a scroll of torment {unknown}
 B - 3 scrolls of amnesia
 D - 2 scrolls of fear
 I - 2 scrolls of enchant armour {unknown}
 J - a scroll of noise
 Q - a scroll of silence
 W - a scroll of identify
Potions
 b - 4 potions of mutation
 m - a potion of might
 n - 2 potions of invisibility
 p - a potion of heal wounds
 q - 2 potions of agility
 r - a potion of cancellation
 s - 7 potions of curing
 x - 2 potions of degeneration {unknown}
 A - a potion of haste
 N - a potion of resistance
 P - a potion of magic {unknown}
 S - a potion of lignification {unknown}
 T - a potion of flight
 U - a potion of brilliance
Miscellaneous
 R - a lamp of fire
Comestibles
 f - 22 rations


   Skills:
 * Level 11.2 Fighting
 * Level 13.6 Axes
 + Level 6.9 Throwing
 * Level 10.0 Armour
 + Level 6.5 Dodging
 + Level 7.3 Invocations
 + Level 5.6 Evocations


You had 11 spell levels left.
You didn't know any spells.
Your spell library contained the following spells:

 Spells                   Type           Power        Failure   Level  Hunger
 Confusing Touch          Hex            #.....       77%         1    ##.....
 Magic Dart               Conj           #...         77%         1    ##.....
 Sandblast                Erth           #.....       77%         1    ##.....
 Passwall                 Tmut/Erth      #.......     88%         2    ###....
 Confuse                  Hex            #.......     98%         3    ####...
 Gell's Gravitas          Tloc           #.........   98%         3    ####...
 Stone Arrow              Conj/Erth      #.....       98%         3    ####...
 Teleport Other           Tloc           #.......     98%         3    ####...
 Force Lance              Conj/Tloc      #.......     100%        4    #####..
 Petrify                  Tmut/Erth      #.......     100%        4    #####..
 Lee's Rapid Deconstruct  Erth           #.........   100%        5    ######.
 Metabolic Englaciation   Hex/Ice        #.........   100%        5    ######.
 Yara's Violent Unravell  Hex/Tmut       #.........   100%        5    ######.
 Bolt of Cold             Conj/Ice       #.........   100%        6    #######
 Conjure Ball Lightning   Conj/Air       #.........   100%        6    #######


Dungeon Overview and Level Annotations

Branches:
Dungeon (11/15)            Temple (1/1) D:7            Lair (4/6) D:9
    Orc (0/2) D:11
  Swamp: Lair:2-4    Shoals: Lair:2-4     Snake: Lair:2-4    Spider: Lair:2-4

Altars:
Ashenzari
Cheibriados
Dithmenos
Elyvilon
Fedhas
Gozag
Hepliaklqana
Kikubaaqudgha
Makhleb
Nemelex Xobeh
Okawaru
Qazlal
Ru
Sif Muna
Trog
Uskayaw
Vehumet
Wu Jian
Xom
Yredelemnul
Zin
The Shining One

Shops:
D:5 :

Portals:
Trove: D:11 (show slimy rune of Zot)

Annotations:
D:5 3 runed doors, Razmath's ghost, amateur DsIE


Message History

The three-headed hydra is severely wounded.
You hit the spiny frog. You burn the spiny frog.
The spiny frog closely misses you. The three-headed hydra bites you.
* * * LOW HITPOINT WARNING * * *
The three-headed hydra closely misses you.
The three-headed hydra bites you.
* * * LOW HITPOINT WARNING * * *
You hit the three-headed hydra. You burn the three-headed hydra.
The three-headed hydra is almost dead.
You slash the spiny frog! You burn the spiny frog.
You feel sick. The spiny frog stings you!
* * * LOW HITPOINT WARNING * * *
You are lethally poisoned!
The spiny frog poisons you!
You feel better. The three-headed hydra bites you!
* * * LOW HITPOINT WARNING * * *
The three-headed hydra bites you!
* * * LOW HITPOINT WARNING * * *
The three-headed hydra bites you!
You die...

.... ... ... .. >.. ..
.. . ##.#. #..S# ....#
#FD# #+P..# ######@#####
.....# #.........P##
.....### ##.........P.#
.....#.# #.............+
.....+.####...........##
........................
.<.....#..+...........##
.#..#.#####.........#.#
####### ###..#.#.####


You could see a three-headed hydra, a spiny frog and a water moccasin.

Vanquished Creatures
  A hydra (D:11)
  A two-headed ogre (D:10)
  Urug (Lair:3)
  4 oklob plants
  An ugly thing (D:11)
  4 elephants (Lair:3)
  A cyclops (D:11)
  4 spiny frogs
  2 centaur skeletons
  A komodo dragon (Lair:1)
  2 trolls (D:11)
  A polar bear (D:11)
  3 blink frogs (Lair:2)
  4 hippogriffs
  A centaur simulacrum (D:11)
  25 yaks
  A steam dragon (D:9)
  2 hungry ghosts
  5 water moccasins
  Duvessa (D:7)
  7 porcupines
  An orc warrior (D:9)
  3 ice beasts (D:11)
  A black bear (D:9)
  A meliai simulacrum (D:11)
  A sky beast (D:9)
  3 necrophages
  5 centaurs
  A phantom (D:5)
  9 wolves
  7 ogres
  7 crocodiles
  2 big kobolds
  11 bullfrogs
  A wyvern skeleton (D:6)
  2 scorpions
  Dowan (D:7)
  4 killer bees (D:10)
  4 howler monkeys
  An electric eel (D:11)
  A crimson imp (D:10)
  A quasit (D:8)
  3 bullfrog zombies
  5 jellies
  A gnoll shaman (D:6)
  5 hounds
  4 orc priests
  A water moccasin simulacrum (D:11)
  6 orc wizards
  A bullfrog skeleton (D:7)
  7 iguanas
  3 worker ants
  A hound zombie (D:8)
  A hound skeleton (D:4)
  A worker ant zombie (D:10)
  15 adders
  13 gnolls
  A shadow imp (D:8)
  A howler monkey simulacrum (D:11)
  6 white imps (D:11)
  A worker ant simulacrum (D:11)
  5 ufetubi (D:11)
  An ooze (D:2)
  3 adder skeletons
  7 worms
  A dart slug (D:1)
  2 leopard geckos
  27 orcs
  4 giant cockroaches
  6 goblins
  7 hobgoblins
  17 jackals
  14 kobolds
  5 quokkas
  2 ball pythons (D:1)
  7 bats
  3 frilled lizards
  A jackal skeleton (D:4)
  8 rats
  3 bushes (Lair:2)
  11 fungi
  19 plants (Lair:2)
368 creatures vanquished.

Vanquished Creatures (others)
  3 fungi
  24 plants
27 creatures vanquished.

Grand Total: 395 creatures vanquished

Notes
Turn   | Place    | Note
-------+----------+-------------------------------------------
     0 | D:1      | MalarOregon the Hill Orc Gladiator began the quest for the
                  | Orb.
     0 | D:1      | Reached XP level 1. HP: 18/18 MP: 1/1
     2 | D:1      | Noticed an octopode
     2 | D:1      | Noticed a demonspawn
     4 | D:1      | Noticed a naga
     4 | D:1      | Noticed a merfolk
     6 | D:1      | Noticed a felid
     8 | D:1      | Noticed a human
     8 | D:1      | Noticed a centaur
    10 | D:1      | Noticed an ogre
    10 | D:1      | Noticed a troll
    12 | D:1      | Noticed a vampire
    14 | D:1      | Noticed a tengu
    14 | D:1      | Noticed a minotaur
    16 | D:1      | Noticed a gargoyle
    16 | D:1      | Noticed a demigod
    18 | D:1      | Noticed a dwarf
    20 | D:1      | Noticed a halfling
    20 | D:1      | Noticed a spriggan
    22 | D:1      | Noticed a vine stalker
    22 | D:1      | Noticed an elf
    24 | D:1      | Noticed a ghoul
    24 | D:1      | Noticed a formicid
    26 | D:1      | Noticed a draconian
   200 | D:1      | Reached XP level 2. HP: 25/25 MP: 2/2
   490 | D:1      | Reached XP level 3. HP: 30/30 MP: 3/3
   700 | D:2      | Reached skill level 1 in Armour
  1042 | D:2      | Reached XP level 4. HP: 19/38 MP: 4/4
  1067 | D:2      | Reached skill level 5 in Axes
  1779 | D:3      | Found a deep blue altar of Sif Muna.
  2343 | D:3      | Reached XP level 5. HP: 38/45 MP: 5/5
  2733 | D:4      | Reached skill level 6 in Axes
  2733 | D:4      | Reached XP level 6. HP: 40/51 MP: 6/6
  3125 | D:4      | Found a shattered altar of Ashenzari.
  3720 | D:4      | Reached XP level 7. HP: 59/59 MP: 7/7
  3736 | D:5      | Entered Level 5 of the Dungeon
  3790 | D:5      | Reached skill level 7 in Axes
  4270 | D:5      | Found Waovyoni's Book Emporium.
  4416 | D:5      | Found a runed gate.
  4417 | D:5      | Found a runed gate.
  4417 | D:5      | Found a runed gate.
  4418 | D:5      | Noticed Razmath's ghost (amateur DsIE)
  4588 | D:6      | Reached XP level 8. HP: 57/67 MP: 8/8
  4644 | D:6      | Reached skill level 8 in Axes
  4895 | D:6      | Got a fine scale mail
  4906 | D:6      | Identified the +3 scale mail "Xuceopsuk" {rCorr Int-5 SInv}
                  | (You found it on level 6 of the Dungeon)
  5137 | D:6      | Reached skill level 5 in Fighting
  5523 | D:7      | Reached skill level 9 in Axes
  5677 | D:7      | Found a staircase to the Ecumenical Temple.
  5704 | D:7      | Noticed Dowan
  5706 | D:7      | Noticed Duvessa
  5710 | D:7      | Killed Dowan
  5736 | D:7      | Killed Duvessa
  5770 | Temple   | Entered the Ecumenical Temple
  5971 | Temple   | Became a worshipper of Makhleb the Destroyer
  6369 | D:8      | Noticed a yak
  6370 | D:8      | Noticed a yak
  6370 | D:8      | Noticed a yak
  6388 | D:7      | Killed a yak
  6388 | D:7      | Reached XP level 9. HP: 41/75 MP: 9/9
  6391 | D:7      | Reached skill level 1 in Invocations
  6561 | D:8      | Reached skill level 5 in Armour
  6561 | D:8      | Reached skill level 1 in Evocations
  6806 | D:8      | Found a blossoming altar of Fedhas.
  6885 | D:8      | Reached skill level 10 in Axes
  7093 | D:9      | Found a staircase to the Lair.
  7298 | D:9      | Reached * piety under Makhleb
  7306 | D:9      | Reached skill level 5 in Throwing
  7319 | D:9      | Reached XP level 10. HP: 43/86 MP: 12/12
  7358 | D:9      | Reached skill level 5 in Dodging
  7965 | D:10     | Entered Level 10 of the Dungeon
  8141 | D:10     | Reached skill level 11 in Axes
  8482 | D:10     | Found a burning altar of Makhleb.
  8699 | D:10     | Reached ** piety under Makhleb
  9154 | D:10     | Noticed a two-headed ogre
  9162 | D:10     | Killed a two-headed ogre
  9455 | D:11     | Found a portal to a secret trove of treasure.
  9464 | D:11     | Found a staircase to the Orcish Mines.
  9509 | D:11     | Noticed a cyan ugly thing
  9527 | D:11     | Killed a cyan ugly thing
  9527 | D:11     | Reached XP level 11. HP: 95/95 MP: 14/14
  9596 | D:11     | Reached skill level 5 in Invocations
  9672 | D:11     | Noticed a cyclops
  9679 | D:11     | Killed a cyclops
  9887 | D:11     | Identified the Tome of the Boiling Point
  9908 | D:11     | Noticed a six-headed hydra
  9918 | D:11     | Killed a one-headed hydra
  9918 | D:11     | Reached skill level 12 in Axes
 10346 | D:11     | Reached *** piety under Makhleb
 10997 | Lair:1   | Entered Level 1 of the Lair of Beasts
 11764 | Lair:1   | Noticed an oklob plant
 11764 | Lair:1   | Noticed an oklob plant
 11965 | Lair:1   | Reached skill level 10 in Fighting
 12097 | Lair:1   | Reached XP level 12. HP: 84/106 MP: 16/16
 12519 | Lair:1   | Reached skill level 5 in Evocations
 12592 | Lair:2   | Reached skill level 13 in Axes
 12600 | Lair:2   | Reached **** piety under Makhleb
 12728 | Lair:2   | Found a glowing golden altar of the Shining One.
 12785 | Lair:2   | Found a blossoming altar of Fedhas.
 13526 | Lair:3   | Noticed Urug
 14113 | Lair:3   | Reached skill level 10 in Armour
 14167 | Lair:3   | Killed Urug
 14451 | Lair:4   | Noticed an eight-headed hydra
 14462 | Lair:4   | HP: 5/110 [three-headed hydra (8)]
 14462 | Lair:4   | Slain by a three-headed hydra

Skill      XL: |  1  2  3  4  5  6  7  8  9 10 11 12 |
---------------+-------------------------------------+-----
Throwing       | 2 3 4 5 6 |  6.9
Armour         | 1 2 3 4 6 7 8 10 | 10.0
Fighting       | 3 4 5 7 8 10 11 | 11.2
Axes           | 5 6 7 9 10 11 12 13 | 13.6
Dodging        | 3 4 5 6 |  6.5
Invocations    | 3 4 6 7 |  7.3
Evocations     | 2 3 4 5 |  5.6

Action                   |  1- 3 |  4- 6 |  7- 9 | 10-12 || total
-------------------------+-------+-------+-------+-------++-------
Melee: War axe           |    13 |     4 |   279 |   693 ||   989
       Hand axe          |    79 |   143 |       |       ||   222
 Fire: Hunting sling     |       |    23 |       |       ||    23
Throw: Throwing net      |       |     3 |       |       ||     3
       Javelin           |       |     1 |       |     1 ||     2
Evoke: Wand              |       |       |       |    20 ||    20
  Use: Scroll            |       |       |       |    22 ||    22
       Potion            |       |       |       |     3 ||     3
 Stab: Sleeping          |     1 |       |       |       ||     1
       Confused          |       |       |       |     2 ||     2
  Eat: Chunk             |       |     9 |     8 |    22 ||    39
       Ration            |       |       |     1 |     1 ||     2
Armor: Leather armour    |    34 |       |       |       ||    34
       Chain mail        |       |    83 |    46 |       ||   129
       Scale mail        |       |       |   108 |   264 ||   372
Dodge: Dodged            |    53 |    67 |   184 |   304 ||   608
